 Dungeon Crawl Stone Soup version 0.19-a0-854-gc78d25d (webtiles) character file.

84 sudo the Skirmisher (level 4, -8/35 HPs)
             Began as a Mummy Monk on July 1, 2016.
             Killed from afar by an orc wizard (10 damage)
             ... with a puff of flame
             ... on level 3 of the Dungeon.
             The game lasted 00:01:54 (1579 turns).

sudo the Skirmisher (Mummy Monk)                    Turns: 1579, Time: 00:01:55

Health: -8/35      AC:  5    Str: 15    XL:     4   Next: 24%
Magic:  4/4        EV: 12    Int:  9    God:
Gold:   67         SH:  0    Dex: 14    Spells: 0 memorised, 3 levels left

rFire  x . .     SeeInvis .     d - +1 whip (drain)
rCold  + . .     Gourm    .     l - +0 ring mail
rNeg   + + +     Faith    .     (no shield)
rPois  ∞         Spirit   .     (no helmet)
rElec  .         Dismiss  .     (no cloak)
rCorr  .         Reflect  .     (no gloves)
SustAt .         Harm     .     (no boots)
MR     .....                    (no amulet)
Stlth  +.........               (no ring)
                                (no ring)

@: not resistant to hostile enchantments, very unstealthy
A: no food or potions, fire vulnerability, cold resistance 1, negative energy
resistance 3, torment resistance, unbreathing
a: no special abilities


You were on level 3 of the Dungeon.
You were not hungry.

You visited 1 branch of the dungeon, and saw 3 of its levels.

You collected 67 gold pieces.

Inventory:

Hand Weapons
 a - a +0 falchion
 d - a +1 whip of draining (weapon)
Armour
 l - a +0 ring mail (worn)
Jewellery
 b - a +5 ring of strength {unknown}
Scrolls
 c - a scroll of immolation {unknown}
 e - 3 scrolls of identify {unknown}
 f - a scroll of fear {unknown}
 g - a scroll of enchant armour {unknown}
 h - a scroll of fog {unknown}
 i - 2 scrolls of remove curse {unknown}
 j - a scroll of teleportation {unknown}
 k - a scroll of recharging {unknown}
 m - a scroll of amnesia {unknown}


   Skills:
 + Level 3.3 Fighting
 - Level 3.0 Long Blades
 * Level 0.4 Maces & Flails
 + Level 1.0 Armour
 + Level 3.2 Dodging
 - Level 1.5 Stealth


You had 3 spell levels left.
You didn't know any spells.

Dungeon Overview and Level Annotations

Branches:
Dungeon (3/15)

Altars:


Innate Abilities, Weirdness & Mutations

You do not eat or drink.
Your flesh is vulnerable to fire.
You are immune to poison.
Your flesh is cold resistant. (rC+)
You are immune to negative energy. (rN+++)
You are immune to unholy pain and torment.
You can survive without breathing.


Message History

The gnoll hits you with a spear.
You barely miss the gnoll.
The gnoll is lightly wounded.
The gnoll hits you from afar with a spear!
* * * LOW HITPOINT WARNING * * *
The gnoll hits you with a spear.
* * * LOW HITPOINT WARNING * * *
The gnoll hits you with a club.
* * * LOW HITPOINT WARNING * * *
The gnoll barely misses you.
There is a stone staircase leading down here.
The gnoll closely misses you.
You climb downwards. 4 orcs and an orc wizard come into view.
The orc shouts!
Found a leather armour.
There is a stone staircase leading up here.
The orc wizard casts a spell at you. The puff of flame hits you!
The fire burns you terribly!
You die...

......#
.....#
.o[.#+###
#.o.....#
#.......#
#...o...#
####......o#
#....@o....#
#.###......#
#......#
########


You could see an orc wizard and 4 orcs.

Vanquished Creatures
  5 adders (D:2)
  A dart slug (D:1)
  4 giant cockroaches
  3 goblins
  2 hobgoblins (D:1)
  A quokka (D:2)
  2 ball pythons
  8 bats
  2 giant newts
  4 kobolds
  10 rats (D:1)
42 creatures vanquished.

Notes
Turn   | Place    | Note
-------+----------+-------------------------------------------
     0 | D:1      | sudo the Mummy Monk began the quest for the Orb.
     0 | D:1      | Reached XP level 1. HP: 18/18 MP: 1/1
   335 | D:1      | Reached XP level 2. HP: 24/24 MP: 2/2
   950 | D:2      | Reached XP level 3. HP: 29/29 MP: 3/3
  1399 | D:2      | Reached XP level 4. HP: 33/35 MP: 4/4
  1423 | D:2      | Reached skill level 1 in Armour
  1562 | D:2      | HP: 1/35 [gnoll/club (3)]
  1579 | D:3      | Killed from afar by an orc wizard

Vault maps used:
D:1:      dpeg_arrival_oval
D:3:      kennysheep_goblin_castle, ecumenical_altar_2

Skill      XL: |  1  2  3  4 |
---------------+-------------+-----
Dodging        | 3 |  3.2
Long Blades    | 3 |  3.0
Armour         | 1 |  1.0
Fighting       | |  3.3
Maces & Flails | |  0.4
Stealth        | |  1.5

Action                   |  1- 3 |  4- 6 || total
-------------------------+-------+-------++-------
Melee: Falchion          |   147 |       ||   147
       Whip              |     7 |     9 ||    16
 Stab: Sleeping          |     2 |       ||     2
       Distracted        |     1 |       ||     1
Armor: Leather armour    |    29 |       ||    29
       Ring mail         |     8 |     5 ||    13
Dodge: Dodged            |    95 |    10 ||   105
